2065 views
Uploaded 2022-08-23 15:54:27
Game version 1.33
16:48 long 1on1 ladder game on (2)TerenasStand_LV
Saved by KaStoR
2065 views
Uploaded 2022-08-23 15:54:27
Game version 1.33
16:48 long 1on1 ladder game on (2)TerenasStand_LV

52 units @ 6.4k
/ 0.8k
21 buildings @ 4k
/ 1.8k


| Lesser Clarity Potion | 3 | 210 |
| Potion of Healing | 3 | 450 |
| Staff of Preservation | 1 | 150 |
| Orb of Venom | 1 | 325 |
| Potion of Mana | 1 | 200 |
| Scroll of Town Portal | 1 | 350 |
| Scroll of Healing | 1 | 250 |
| Potion of Lesser Invulnerability | 1 | 150 |
| total: | 12 | 2085g |
| Wisp | 26 | 1560 | / | 0 |
| Archer | 4 | 520 | / | 40 |
| Huntress | 10 | 1950 | / | 200 |
| Dryad | 5 | 725 | / | 300 |
| Druid of the Claw | 1 | 255 | / | 80 |
| Hippogryph | 2 | 320 | / | 40 |
| Goblin Shredder | 1 | 375 | / | 100 |
| Forest Troll Shadow Priest | 1 | 195 | / | 10 |
| Forest Troll Berserker | 2 | 490 | / | 60 |
| total: | 52 | 6390g | / | 830w |
| Ancient Protector | 1 | 135 | / | 80 |
| Altar of Elders | 1 | 180 | / | 50 |
| Moon Well | 8 | 1440 | / | 320 |
| Ancient of War | 2 | 300 | / | 120 |
| Hunter's Hall | 1 | 210 | / | 100 |
| Tree of Life | 3 | 1020 | / | 555 |
| Ancient of Wonders | 1 | 90 | / | 30 |
| Ancient of Lore | 3 | 465 | / | 435 |
| Ancient of Wind | 1 | 150 | / | 140 |
| Tree of Ages | 1 | 320 | / | 180 |
| Tree of Eternity | 1 | 330 | / | 200 |
| total: | 21 | 3990g | / | 1830w |
| 0:01 | Wisp |
| 0:03 | Altar of Elders |
| 0:06 | Wisp |
| 0:09 | Moon Well |
| 0:10 | Moon Well |
| 0:21 | Ancient of War |
| 0:30 | Wisp |
| 0:30 | Wisp |
| 0:31 | Wisp |
| 0:41 | Wisp |
| 0:53 | Wisp |
| 0:59 | Wisp |
| 1:00 | Wisp |
| 1:06 | Wisp |
| 1:15 | Wisp |
| 1:23 | Archer |
| 1:39 | Moon Well |
| 1:57 | Wisp |
| 2:09 | Wisp |
| 2:43 | Shadow Strike |
| 2:49 | Wisp |
| 3:04 | Hunter's Hall |
| 3:08 | Ancient of War |
| 3:09 | Wisp |
| 3:09 | Wisp |
| 3:14 | Archer |
| 3:27 | Archer |
| 3:43 | Tree of Life |
| 3:49 | Archer |
| 3:50 | Wisp |
| 4:02 | Forest Troll Shadow Priest |
| 4:24 | Tree of Ages |
| 4:44 | Moon Well |
| 5:05 | Forest Troll Berserker |
| 5:38 | Huntress |
| 5:56 | Huntress |
| 6:10 | Moon Well |
| 6:20 | Ancient of Wonders |
| 6:28 | Fan of Knives |
| 6:50 | Breath of Fire |
| 7:12 | Huntress |
| 7:53 | Huntress |
| 7:56 | Ancient of Lore |
| 8:24 | Wisp |
| 8:24 | Wisp |
| 8:24 | Wisp |
| 8:31 | Wisp |
| 8:31 | Wisp |
| 8:33 | Ancient of Lore |
| 8:50 | Huntress |
| 9:00 | Forest Troll Berserker |
| 9:11 | Ancient Protector |
| 9:23 | Goblin Shredder |
| 9:30 | Drunken Haze |
| 9:39 | Dryad |
| 10:10 | Dryad |
| 10:11 | Lesser Clarity Potion |
| 10:12 | Tree of Eternity |
| 10:14 | Potion of Healing |
| 10:17 | Huntress |
| 10:21 | Lesser Clarity Potion |
| 10:27 | Scroll of Town Portal |
| 10:29 | Staff of Preservation |
| 11:04 | Huntress |
| 11:04 | Dryad |
| 11:08 | Shadow Strike |
| 11:36 | Huntress |
| 11:36 | Dryad |
| 12:10 | Ancient of Lore |
| 12:11 | Ancient of Wind |
| 12:22 | Huntress |
| 12:35 | Dryad |
| 12:53 | Breath of Fire |
| 12:58 | Druid of the Claw Adept Training |
| 12:59 | Huntress |
| 13:15 | Wisp |
| 13:15 | Wisp |
| 13:18 | Wisp |
| 13:18 | Wisp |
| 13:32 | Druid of the Claw Master Training |
| 13:32 | Druid of the Claw |
| 13:48 | Strength of the Wild |
| 14:02 | Hippogryph |
| 14:02 | Hippogryph |
| 14:08 | Potion of Healing |
| 14:09 | Orb of Venom |
| 14:12 | Potion of Healing |
| 14:18 | Potion of Mana |
| 14:34 | Tree of Life |
| 14:45 | Tree of Life |
| 15:16 | Moon Well |
| 15:17 | Moon Well |
| 15:18 | Moon Well |
| 15:31 | Fan of Knives |
| 15:46 | Lesser Clarity Potion |
| 16:06 | Potion of Lesser Invulnerability |
| 16:16 | Scroll of Healing |
| 16:36 | Drunken Brawler |
| Select group | 1149 |
| Right click | 1057 |
| Select | 514 |
| Misc. action | 327 |
| Build/train/purchase | 113 |
| Assign group | 97 |
| Use ability | 50 |
| Minimap ping | 31 |
| Chat | 10 |
| Item give/drop | 8 |
| Esc | 4 |
27 units @ 4.8k
/ 0.5k
11 buildings @ 1.8k
/ 0.6k


| Healing Salve | 7 | 700 |
| Scroll of Speed | 3 | 150 |
| Lesser Clarity Potion | 7 | 490 |
| Potion of Healing | 2 | 300 |
| Circlet of Nobility | 1 | 175 |
| total: | 20 | 1815g |
| Peon | 7 | 525 | / | 0 |
| Grunt | 7 | 1400 | / | 0 |
| Raider | 7 | 1260 | / | 280 |
| Wind Rider | 6 | 1590 | / | 240 |
| total: | 27 | 4775g | / | 520w |
| Altar of Storms | 1 | 180 | / | 50 |
| Orc Burrow | 5 | 800 | / | 200 |
| Voodoo Lounge | 1 | 130 | / | 30 |
| Barracks | 1 | 180 | / | 50 |
| War Mill | 1 | 205 | / | 0 |
| Beastiary | 2 | 290 | / | 280 |
| Stronghold | 1 | 315 | / | 190 |
| total: | 11 | 1785g | / | 610w |
| 0:01 | Peon |
| 0:01 | Peon |
| 0:08 | Altar of Storms |
| 0:17 | Orc Burrow |
| 0:23 | Peon |
| 0:32 | Peon |
| 0:46 | Voodoo Lounge |
| 1:04 | Peon |
| 1:06 | Peon |
| 1:18 | Orc Burrow |
| 1:26 | Peon |
| 1:44 | Barracks |
| 2:05 | Healing Salve |
| 2:06 | Scroll of Speed |
| 2:06 | Lesser Clarity Potion |
| 2:10 | Wind Walk |
| 2:39 | Stronghold |
| 2:57 | Grunt |
| 3:21 | Grunt |
| 3:38 | Orc Burrow |
| 4:02 | War Mill |
| 4:22 | Grunt |
| 4:49 | Critical Strike |
| 5:13 | Beastiary |
| 5:22 | Steel Armor |
| 5:25 | Berserker Strength |
| 6:00 | Orc Burrow |
| 6:01 | Healing Salve |
| 6:01 | Lesser Clarity Potion |
| 6:19 | Hex |
| 6:25 | Beastiary |
| 6:28 | Ensnare |
| 6:42 | Circlet of Nobility |
| 7:13 | Raider |
| 7:15 | Grunt |
| 7:39 | Critical Strike |
| 7:43 | Raider |
| 8:12 | Potion of Healing |
| 8:27 | Raider |
| 8:30 | Raider |
| 8:34 | Steel Melee Weapons |
| 8:50 | Healing Salve |
| 8:51 | Healing Salve |
| 8:52 | Lesser Clarity Potion |
| 8:56 | Lesser Clarity Potion |
| 9:10 | Grunt |
| 9:31 | Raider |
| 9:53 | Healing Wave |
| 10:03 | Raider |
| 11:27 | Wind Walk |
| 11:31 | Wind Rider |
| 11:53 | Grunt |
| 12:23 | Lesser Clarity Potion |
| 12:23 | Lesser Clarity Potion |
| 12:23 | Healing Salve |
| 12:36 | Grunt |
| 12:41 | Wind Rider |
| 12:55 | Potion of Healing |
| 12:58 | Scroll of Speed |
| 12:59 | Healing Salve |
| 13:27 | Wind Rider |
| 14:16 | Raider |
| 14:17 | Wind Rider |
| 14:42 | Orc Burrow |
| 15:08 | Healing Salve |
| 15:08 | Lesser Clarity Potion |
| 15:08 | Scroll of Speed |
| 15:39 | Wind Rider |
| 15:41 | Wind Rider |
| 16:33 | Healing Wave |
| Right click | 956 |
| Select | 343 |
| Select group | 319 |
| Build/train/purchase | 87 |
| Assign group | 57 |
| Use ability | 54 |
| Item give/drop | 7 |
| Chat | 4 |